 Dungeon Crawl Stone Soup version 0.30.0-11-gf55b779eaf (webtiles) character file.

Game seed: 3550755074421704839

142 Spectrina the Trooper (level 5, -8/46 HPs)
             Began as a Human Monk on May 16, 2023.
             Mangled by an ogre
             ... wielding a +0 giant club
              (11 damage)
             ... on level 4 of the Dungeon.
             The game lasted 00:09:14 (822 turns).

Spectrina the Trooper (Human Monk)                   Turns: 822, Time: 00:09:15

Health: -8/46      AC:  2    Str: 14    XL:     5   Next: 50%
Magic:  5/5        EV: 13    Int: 10    God:
Gold:   127        SH:  0    Dex: 15    Spells: 4/4 levels left

rFire   . . .        s - +3 falchion
rCold   . . .        (no shield)
rNeg    . . .        g - +0 robe
rPois   .            (no helmet)
rElec   .            (no cloak)
rCorr   .            (no gloves)
SInv    .            (no boots)
Will    .....        (no amulet)
Stlth   +            (no ring)
HPRegen 0.27/turn    (no ring)
MPRegen 0.09/turn

%: no passive effects
@: no status effects
A: no striking features
a: no special abilities


You were on level 4 of the Dungeon.
You visited 1 branch of the dungeon, and saw 4 of its levels.

You collected 127 gold pieces.

Inventory:

Hand Weapons
 a - a +0 quarterstaff
 b - a +0 arbalest
 e - a +0 mace
 h - a +1 dagger of flaming
 i - a +0 sling
 n - a +0 trident
 s - a +3 falchion (weapon)
Armour
 d - an orb of light
 g - a +0 robe (worn)
 m - an orb of mayhem
Wands
 j - a wand of paralysis (6)
Scrolls
 c - a scroll of acquirement {unknown}
 f - a scroll of teleportation {unknown}
 l - a scroll of poison {unknown}
 o - 2 scrolls of amnesia {unknown}
 p - a scroll of enchant armour {unknown}
 q - a scroll of enchant weapon {unknown}
 r - a scroll of magic mapping {unknown}
Potions
 k - a potion of lignification {unknown}


   Skills:
 + Level 5.8 Fighting
 - Level 3.0 Maces & Flails
 - Level 3.0 Dodging


You had 4 spell levels left.
You didn't know any spells.
Your spell library contained the following spells:

 Spells                   Type           Power      Damage    Failure   Level
 Sting                    Tmut/Pois      0%         1d3       36%         1


Dungeon Overview and Level Annotations

Branches:
Dungeon (4/15)
 Temple: D:4-7

Altars:


Message History

Found a mace.
Unknown command.
You now have 127 gold pieces (gained 14).
There is an escape hatch in the floor here.
You slide downwards.
The hatch slams shut behind you.
Found a short jewelled staff.
Unknown command.
Unknown command.
s - a +3 falchion (weapon)
The ogre shouts!
The goblin shouts!
Unknown command.
Okay, then.
You barely miss the ogre. The ogre barely misses you.
Unknown command.
You slash the ogre!
The ogre is moderately wounded.
The ogre closely misses you.
You slash the ogre!
The ogre is heavily wounded.
The ogre misses you.
Unknown command.
You hit the ogre.
The ogre is severely wounded.
The ogre hits you with a +0 giant club!
Unknown command.
You barely miss the ogre.
The ogre is severely wounded.
The ogre hits you with a +0 giant club!
Unknown command.
You barely miss the ogre.
The ogre is severely wounded.
The goblin hits you with a +0 dagger. The ogre hits you with a +0 giant club!
* * * LOW HITPOINT WARNING * * *
Unknown command.
You barely miss the ogre.
The ogre is severely wounded.
The goblin hits you but does no damage. The goblin hits you with a +0 dagger.
* * * LOW HITPOINT WARNING * * *
The ogre hits you with a +0 giant club!
You die...

### ...
#.# #
##.#.#
#O@..#
#.g#.#
#... ..
..... ..#
....... .#
#....#..|
..
#..#..#.#.
# #.###.
.#.#


You could see an ogre and a goblin.

Vanquished Creatures
  An iguana (D:3)
  Ijyb (D:3)
  3 adders (D:2)
  3 worms
  2 dart slugs (D:3)
  3 ball pythons (D:2)
  4 bats
  4 endoplasms
  8 goblins
  4 hobgoblins (D:2)
  9 jackals (D:2)
  4 kobolds
  A rat (D:3)
47 creatures vanquished.

Notes
Turn   | Place    | Note
-------+----------+-------------------------------------------
     0 | D:1      | Spectrina the Human Monk began the quest for the Orb.
     0 | D:1      | Reached XP level 1. HP: 18/18 MP: 1/1
    35 | D:2      | Reached XP level 2. HP: 24/24 MP: 2/2
   189 | D:2      | Reached skill level 4 in Fighting
   189 | D:2      | Reached XP level 3. HP: 30/30 MP: 3/3
   395 | D:3      | Noticed Ijyb
   397 | D:3      | Paralysed by Ijyb for 3 turns
   402 | D:3      | Paralysed by Ijyb for 3 turns
   411 | D:3      | Paralysed by Ijyb for 2 turns
   419 | D:3      | Killed Ijyb
   420 | D:3      | Reached XP level 4. HP: 18/38 MP: 4/4
   438 | D:3      | Reached skill level 5 in Fighting
   539 | D:3      | Reached XP level 5. HP: 19/44 MP: 5/5
   750 | D:3      | Found a faded altar of an unknown god.
   754 | D:3      | Got Plato's Commentary on Virulence
   814 | D:4      | Noticed an ogre
   822 | D:4      | Mangled by an ogre

Illustrated notes

Levels and vault maps discovered:
D:1:      tarquinn_simple_flora_water_b, layout_basic, hex_intersection
D:2:      layout_rooms
D:3:      kennysheep_the_goblin_king, layout_loops_ring,
          shapermc_ecumenical_altar_rom_forum
D:4:      layout_loops_cross, minmay_temple_entry_arrows

Skill      XL: |  1  2  3  4 |
---------------+-------------+-----
Fighting       | 4 5 |  5.8
Maces & Flails | |  3.0
Dodging        | |  3.0

Action                     |  1- 3 |  4- 6 || total
---------------------------+-------+-------++-------
  Melee: Mace              |    49 |       ||    49
         Quarterstaff      |    29 |    28 ||    57
         Falchion          |       |     7 ||     7
   Fire: Arbalest          |    17 |    34 ||    51
    Use: Potion            |     2 |       ||     2
 Armour: Robe              |    15 |     4 ||    19
  Dodge: Dodged            |    80 |    28 ||   108
